 Dungeon Crawl Stone Soup version 0.30-a0-702-gdf48620a09 (webtiles) character file.

Game seed: 10580262507087168340

58 KNIFEGOD the Trooper (level 3, -3/33 HPs)
             Began as a Minotaur Fighter on Jan 21, 2023.
             Slain by Sigmund
             ... wielding a +0 scythe
              (8 damage)
             ... on level 2 of the Dungeon.
             The game lasted 00:13:25 (1274 turns).

KNIFEGOD the Trooper (Minotaur Fighter)             Turns: 1274, Time: 00:13:25

Health: -3/33      AC:  7    Str: 22    XL:     3   Next: 76%
Magic:  2/2        EV:  9    Int:  5    God:
Gold:   54         SH:  4    Dex:  9    Spells: 2/2 levels left

rFire   . . .      SeeInvis .    a - +0 war axe
rCold   . . .      Faith    .    c - +0 buckler
rNeg    . . .      Spirit   .    b - +0 scale mail
rPois   .          Reflect  .    (helmet unavailable)
rElec   .          Harm     .    (no cloak)
rCorr   .          Rampage  .    (no gloves)
Will    .....      Clarity  +    (no boots) Stlth
                                 (no amulet)
HPRegen 0.25/turn                e - +4 ring of slaying
MPRegen 0.08/turn                (no ring)

@: no status effects
A: horns 3, retaliatory headbutt, clarity, subdued magic 1
a: no special abilities


You were on level 2 of the Dungeon.
You visited 1 branch of the dungeon, and saw 2 of its levels.

You collected 54 gold pieces.

Inventory:

Hand Weapons
 a - a +0 war axe (weapon)
 f - a +0 dagger
 h - a +0 club
 k - a +0 long sword
Missiles
 d - 28 stones (quivered)
 g - 5 curare-tipped darts
Armour
 b - a +0 scale mail (worn)
 c - a +0 buckler (worn)
Jewellery
 e - a +4 ring of slaying (left hand)
 j - the amulet of Ocian {Faith rElec Dex+2}
   (You found it on level 2 of the Dungeon)

   [amulet of faith]

   It allows you to gain divine favour quickly.
   Dex:       It affects your dexterity (+2).
   rElec:     It insulates you from electricity.
Scrolls
 i - 2 scrolls of identify {unknown}
 m - a scroll of teleportation {unknown}
 p - a scroll of poison {unknown}
Potions
 l - 2 potions of ambrosia {unknown}
 n - a potion of cancellation {unknown}
 o - 2 potions of might
 q - a potion of degeneration {unknown}


   Skills:
 + Level 4.3 Fighting
 + Level 3.2 Axes
 + Level 4.3 Armour
 + Level 4.1 Shields


You had 2 spell levels left.
You didn't know any spells.
Your spell library contained the following spells:

 Spells                   Type           Power      Damage    Failure   Level
 Summon Forest            Summ/Tloc      0%         N/A       100%        5
 Eringya's Noxious Bog    Tmut/Pois      0%         N/A       100%        6
 Summon Hydra             Summ           0%         N/A       100%        7


Dungeon Overview and Level Annotations

Branches:
Dungeon (2/15)

Altars:
Qazlal

Annotations:
D:2 Sigmund


Innate Abilities, Weirdness & Mutations

You have a pair of large horns on your head.
You reflexively headbutt those who attack you in melee.
You possess an exceptional clarity of mind.
Your spells are a little easier to cast, but a little less powerful.


Message History

You closely miss something. Something hits you.
You are too injured to fight recklessly!
You are too injured to fight recklessly!
You are too injured to fight recklessly!
You are too injured to fight recklessly!
You are too injured to fight recklessly!
You are too injured to fight recklessly!
You hear some strange, mumbled words.
Something tries to affect you, but you resist.
Something hits you. You block something's attack.
There is an open door, spattered with blood here.
You slash something! Your headbutt misses something.
You hear some strange, mumbled words.
You feel momentarily confused.
You are too injured to fight recklessly!
You are too injured to fight recklessly!
You are too injured to fight recklessly!
You are too injured to fight recklessly!
You are too injured to fight recklessly!
Something hits you.
* * * LOW HITPOINT WARNING * * *
A puff of flame appears from out of thin air!
You block the puff of flame. The bat closely misses you. Something hits you!
* * * LOW HITPOINT WARNING * * *
You are too injured to fight recklessly!
You start putting on your amulet.
You continue putting on the amulet of Ocian {Faith rElec Dex+2}.
The bat hits you but does no damage.
Keep equipping yourself?
You continue putting on the amulet of Ocian {Faith rElec Dex+2}.
The bat closely misses you. Something hits you but does no damage.
You continue putting on the amulet of Ocian {Faith rElec Dex+2}. x2
The bat misses you. You furiously retaliate!
You headbutt the bat!
You kill the bat!
Something hits you but does no damage.
You continue putting on the amulet of Ocian {Faith rElec Dex+2}.
Something hits you!
You die...

##+## ##...##
##...@.##
##.....†{## #
#.........####...#
+.........'.......
#....†....####...#
##.......## . #.
##.....## #.
##...## .. ##'##


There were no monsters in sight!

Vanquished Creatures
  Jessica (D:2)
  A worm (D:2)
  2 dart slugs (D:1)
  5 bats
  3 giant cockroaches
  4 hobgoblins
  2 kobolds (D:1)
  3 ball pythons
  A frilled lizard (D:2)
  4 rats
26 creatures vanquished.

Notes
Turn   | Place    | Note
-------+----------+-------------------------------------------
     0 | D:1      | KNIFEGOD the Minotaur Fighter began the quest for the Orb.
     0 | D:1      | Reached XP level 1. HP: 19/19 MP: 0/0
    12 | D:1      | Gained mutation: You have a pair of large horns on your
                  | head. [potion of mutation]
    12 | D:1      | Gained mutation: You possess an exceptional clarity of
                  | mind. [potion of mutation]
    12 | D:1      | Gained mutation: Your spells are a little easier to cast,
                  | but a little less powerful. [potion of mutation]
   336 | D:1      | Reached XP level 2. HP: 27/27 MP: 1/1
   937 | D:2      | Identified the amulet of Ocian {Faith rElec Dex+2}
  1099 | D:2      | Noticed Jessica
  1104 | D:2      | Killed Jessica
  1105 | D:2      | Reached XP level 3. HP: 33/33 MP: 2/2
  1124 | D:2      | Found a stormy altar of Qazlal.
  1249 | D:2      | Noticed Sigmund
  1274 | D:2      | Slain by Sigmund

Illustrated notes

Levels and vault maps discovered:
D:1:      dpeg_arrival_pond, layout_loops_ring, minmay_misc_feat_nine_boxes
D:2:      layout_loops_corners, basic_altar, uniq_jessica, uniq_sigmund

Skill      XL: |  1  2 |
---------------+-------+-----
Armour         | 4 |  4.3
Fighting       | 4 |  4.3
Shields        | 4 |  4.1
Axes           | 3 |  3.2

Action                   || total
-------------------------++-------
Melee: War axe           ||    43
       Headbutt          ||     5
  Use: Potion            ||     7
       Scroll            ||     2
Armor: Scale mail        ||    27
Dodge: Dodged            ||    22
Block: Buckler           ||    13

Table legend: (Time is in decaauts)
 A = Elapsed time spent in this place.
 B = Non-inter-level travel time spent in this place.
 C = Inter-level travel time spent in this place.
 D = Time resting spent in this place.
 E = Time spent auto-exploring this place.
 F = Levels seen in this place.
 G = Mean time per level.
                   A        B        C        D        E       F      G
               +--------+--------+--------+--------+--------+-----+--------+
         Total |   1263 |   1228 |     35 |      0 |    370 |   2 |  631.5 |
       Dungeon |   1263 |   1228 |     35 |      0 |    370 |   2 |  631.5 |
               +--------+--------+--------+--------+--------+-----+--------+

Top non-repeatable levels by time:
     D:1: 897 daAuts
     D:2: 365 daAuts
